 Dungeon Crawl Stone Soup version 0.23-a0-356-g1757c6e (webtiles) character file.

107 EvilAliv3 the Skirmisher (level 4, 6/37 HPs)
             Began as a Demonspawn Wanderer on Oct 22, 2018.
             Quit the game on level 2 of the Dungeon.
             The game lasted 00:12:11 (2358 turns).

EvilAliv3 the Skirmisher (Demonspawn Wanderer)      Turns: 2358, Time: 00:12:12

Health: 6/37       AC: 15    Str: 15    XL:     4   Next: 56%
Magic:  5/5        EV: 11    Int: 12    God:
Gold:   46         SH:  0    Dex: 12    Spells: 5/5 levels left

rFire    . . .     SeeInvis .   a - +2 dagger (protect)
rCold    . . .     Gourm    .   (no shield)
rNeg     . . .     Faith    .   e - +0 robe
rPois    .         Spirit   .   (no helmet)
rElec    .         Reflect  .   (no cloak)
rCorr    .         Harm     .   (no gloves)
MR       .....                  (no boots)
Stlth    ++........             (no amulet)
HPRegen  0.12/turn              (no ring)
MPRegen  0.09/turn              (no ring)

@: sanguine armour, protection aura
A: sanguine armour 1
a: no special abilities


You were on level 2 of the Dungeon.
You were not hungry.

You visited 1 branch of the dungeon, and saw 2 of its levels.

You collected 46 gold pieces.

Inventory:

Hand Weapons
 a - a +2 dagger of protection (weapon)
 b - a +0 dagger of electrocution
 c - a +0 flail
 i - a +2 dagger
Armour
 e - a +0 robe (worn)
Scrolls
 g - 2 scrolls of teleportation {unknown}
 h - a scroll of random uselessness {unknown}
 k - 3 scrolls of identify {unknown}
 n - a scroll of amnesia {unknown}
Potions
 d - a potion of curing
 l - a potion of heal wounds {unknown}
 m - a potion of haste
Comestibles
 f - 2 rations


   Skills:
 + Level 3.7 Fighting
   Level 1.7 Axes
 + Level 2.9 Armour
 - Level 1.7 Stealth
 - Level 1.0 Spellcasting
   Level 1.0 Charms
   Level 1.0 Air Magic


You had 5 spell levels left.
You didn't know any spells.
Your spell library contained the following spells:

 Spells                   Type           Power        Failure   Level  Hunger
 Shroud of Golubria       Chrm/Tloc      #.........   36%         2    ###....
 Blink                    Tloc           N/A          41%         2    ###....


Dungeon Overview and Level Annotations

Branches:
Dungeon (2/15)

Altars:


Innate Abilities, Weirdness & Mutations

When seriously injured, your bleeding wounds create armour. (AC +6)


Message History

The gnoll hits you with a +0 spear.
You hit the gnoll but do no damage.
Your weapon exudes an aura of protection.
The gnoll hits you with a +0 spear.
You hit the gnoll.
The gnoll is lightly wounded.
The gnoll hits you with a +0 spear!
Your blood congeals into armour.
The gnoll hits you but does no damage.
You hit the gnoll.
The gnoll is moderately wounded.
The gnoll barely misses you. The gnoll hits you but does no damage.
You hit the gnoll.
The gnoll is severely wounded.
The gnoll hits you with a +0 spear.
* * * LOW HITPOINT WARNING * * *
The gnoll hits you from afar with a +0 spear of freezing.
* * * LOW HITPOINT WARNING * * *
The gnoll freezes you.
* * * LOW HITPOINT WARNING * * *
Are you sure you want to abandon this character and quit the game? (Confirm

...................#.#......
............................
...........[(....)###.......
.................(##.......
..................)<.......
.....[............)........
........g#.........(.......
..........##...............
.........g@)...............
.........###.#.#...........
......#### #...#...........
r..... #..##....(......
g..... #..#########.... #...
........... .......#########
...... #...>...


You could see 2 gnolls.

Vanquished Creatures
  6 gnolls
  A dart slug (D:1)
  A leopard gecko (D:1)
  A giant cockroach (D:2)
  7 goblins (D:1)
  8 hobgoblins
  3 jackals (D:1)
  6 kobolds
  4 bats
  3 frilled lizards (D:2)
  7 rats
47 creatures vanquished.

Notes
Turn   | Place    | Note
-------+----------+-------------------------------------------
     0 | D:1      | EvilAliv3 the Demonspawn Wanderer began the quest for the
                  | Orb.
     0 | D:1      | EvilAliv3 set off with: a +2 dagger, a potion of haste, a
                  | potion of curing, a +0 robe, a ration
     0 | D:1      | Reached XP level 1. HP: 16/16 MP: 2/2
    45 | D:1      | Gained mutation: When seriously injured, your bleeding
                  | wounds create armour. (AC +6) [demonic ancestry]
    45 | D:1      | Reached XP level 2. HP: 23/23 MP: 3/3
   578 | D:1      | Reached XP level 3. HP: 17/28 MP: 4/4
   672 | D:1      | Reached skill level 3 in Fighting
  1662 | D:2      | Reached XP level 4. HP: 26/35 MP: 5/5
  2358 | D:2      | Quit the game

Vault maps used:
D:1:      matt_arrival_spirals, chequers_serial_rivers_small_b, st_stairs_3

Skill      XL: |  1  2  3 |
---------------+----------+-----
Armour         | 2 |  2.9
Fighting       | 3 |  3.7
Axes           | |  1.7
Stealth        | |  1.7
Spellcasting   | |  1.0
Charms         | |  1.0
Air Magic      | |  1.0

Action                   |  1- 3 |  4- 6 || total
-------------------------+-------+-------++-------
Melee: Dagger            |   151 |    55 ||   206
 Stab: Sleeping          |     4 |       ||     4
       Distracted        |     1 |       ||     1
  Eat: Chunk             |     2 |     1 ||     3
       Ration            |       |     1 ||     1
Armor: Robe              |    32 |    36 ||    68
Dodge: Dodged            |    72 |    34 ||   106

Table legend:
 A = Non-vault XP
 B = Vault XP
 C = Vault XP percentage of total XP
 D = Non-vault monster count
 E = Vault monster count
 F = Vault count percentage of total count
                 A         B        C        D         E       F
            +---------+---------+-------+---------+---------+-------
      Total |     138 |      15 |   9.8 |      45 |       2 |   4.3
            +---------+---------+-------+---------+---------+-------
        D:1 |      61 |      15 |  19.7 |      27 |       2 |   6.9
        D:2 |      77 |       0 |   0.0 |      18 |       0 |   0.0
            +---------+---------+-------+---------+---------+-------
